 Dungeon Crawl Stone Soup version 0.30-a0-586-g23e55c9e0a (webtiles) character file.

Game seed: 229544932250681367

47 pokeman the Magician (level 3, -1/20 HPs)
             Began as a Deep Elf Hedge Wizard on Jan 4, 2023.
             Slain by a worm (9 damage)
             ... on level 2 of the Dungeon.
             The game lasted 00:02:58 (1792 turns).

pokeman the Magician (Deep Elf Hedge Wizard)        Turns: 1792, Time: 00:02:58

Health: -1/20      AC:  5    Str:  7    XL:     3   Next: 48%
Magic:  4/11       EV: 11    Int: 20    God:
Gold:   72         SH:  0    Dex: 14    Spells: 1/12 levels left

rFire   . . .      SeeInvis .    h - +3 whip
rCold   . . .      Faith    .    (no shield)
rNeg    + . .      Spirit   .    e - +2 leather armour {rN+}
rPois   .          Reflect  .    c - +0 hat
rElec   .          Harm     .    (no cloak)
rCorr   .          Rampage  .    (no gloves)
Will    .....                    (no boots)
Stlth   ++                       (no amulet)
HPRegen 0.23/turn                (no ring)
MPRegen 0.12/turn                (no ring)

@: very slightly contaminated
A: no striking features
a: no special abilities


You were on level 2 of the Dungeon.
You visited 1 branch of the dungeon, and saw 2 of its levels.

You collected 72 gold pieces.

Inventory:

Hand Weapons
 h - a +3 whip (weapon)
Armour
 c - a +0 hat (worn)
 e - a +2 leather armour of positive energy (worn)
Scrolls
 a - a scroll of teleportation {unknown}
 g - a scroll of fog {unknown}
 k - a scroll of enchant armour {unknown}
 l - a scroll of torment {unknown}
 m - a scroll of blinking {unknown}
 o - a scroll of enchant weapon {unknown}
Potions
 b - a potion of berserk rage {unknown}
 d - a potion of magic
 f - a potion of heal wounds {unknown}
 i - a potion of degeneration {unknown}
 j - a potion of invisibility {unknown}
 n - a potion of brilliance {unknown}
 p - a potion of curing {unknown}


   Skills:
 + Level 0.9 Fighting
 - Level 1.0 Armour
 + Level 2.4 Dodging
 - Level 2.4 Stealth
 * Level 5.2 Spellcasting
 + Level 2.0 Conjurations
 - Level 1.1 Summonings
 - Level 1.1 Translocations


You had one spell level left.
You knew the following spells:

 Your Spells              Type           Power      Damage    Failure   Level
a - Magic Dart            Conj           52%        1d5       8%          1
b - Mephitic Cloud        Conj/Pois/Air  7%         N/A       36%         3
c - Call Imp              Summ           9%         N/A       16%         2
d - Blink                 Tloc           18%        N/A       16%         2
e - Stone Arrow           Conj/Erth      18%        3d8       32%         3

Your spell library contained the following spells:

 Spells                   Type           Power      Damage    Failure   Level
 Sandblast                Erth           10%        2d5       17%         1
 Slow                     Hex            20%        N/A       17%         1
 Cigotuvi's Dreadful Rot  Necr/Pois/Air  10%        N/A       26%         2
 Passwall                 Tmut/Erth      4%         N/A       26%         2


Dungeon Overview and Level Annotations

Branches:
Dungeon (2/15)

Altars:


Message History

Press: ? - help, Shift-Dir - straight line, f - worm
Aim: a worm (wandering, hasn't noticed you, 100% to hit)
The magic dart hits the worm.
The worm is lightly wounded.
Found a scroll labelled OWNIRGHYUMI.
There is an open door here.
Casting: Magic Dart (safe; 8% risk of failure)
Confirm with . or Enter, or press ? or * to list all spells.
The spell is astonishingly dangerous to miscast (36% risk of failure)!
Continue anyway?
Aiming: Mephitic Cloud (astonishingly dangerous; 36% risk of failure)
Press: ? - help, Shift-Dir - straight line, f/p - worm
Aim: a worm (lightly wounded, chance to affect: 81%)
You miscast Mephitic Cloud.
You are very lightly contaminated with residual magic.
You feel odd!
You are poisoned.
You feel sick.
Unknown command.
You feel sick.
Casting: Mephitic Cloud (astonishingly dangerous; 36% risk of failure)
Confirm with . or Enter, or press ? or * to list all spells.
The spell is astonishingly dangerous to miscast (36% risk of failure)!
Continue anyway?
Aiming: Mephitic Cloud (astonishingly dangerous; 36% risk of failure)
Press: ? - help, Shift-Dir - straight line, f/p - worm
Aim: a worm (chance to affect: 81%)
The ball explodes into a vile cloud!
The stinking cloud engulfs the worm but does no damage.
You feel sick.
The worm is engulfed in noxious fumes.
The worm appears confused.
Unknown command.
You feel sick.
The worm is engulfed in noxious fumes.
The worm appears confused.
You hit the worm.
The worm is lightly wounded.
You feel sick.
You are no longer poisoned.
You hit the worm.
The worm is lightly wounded.
The worm bites you!
You die...

..........#.#
..........#.#
............#
.........#..############
.........##..##........#
..###.........#........#
..# #.........'......?.#
..# #.......###....$!..#
..# #.......# #.@w○.$...
..# #.......# #.........
### #.......# ####)..#..
######### .#.... # ###


You could see a worm (confused).

Vanquished Creatures
  An adder (D:2)
  A dart slug (D:1)
  2 endoplasms (D:2)
  4 hobgoblins (D:1)
  4 jackals (D:1)
  3 kobolds (D:1)
  A quokka (D:1)
  7 ball pythons
  2 bats
  2 frilled lizards (D:1)
  2 goblins
  4 rats
33 creatures vanquished.

Vanquished Creatures (collateral kills)
  A worm (D:2)
1 creature vanquished.

Vanquished Creatures (others)
  3 plants (D:2)
3 creatures vanquished.

Grand Total: 37 creatures vanquished

Notes
Turn   | Place    | Note
-------+----------+-------------------------------------------
     0 | D:1      | pokeman the Deep Elf Hedge Wizard began the quest for the
                  | Orb.
     0 | D:1      | Reached XP level 1. HP: 10/10 MP: 7/7
     2 | D:1      | Noticed a minotaur
     2 | D:1      | Noticed a spriggan
     4 | D:1      | Noticed a naga
     4 | D:1      | Noticed a vampire
     6 | D:1      | Noticed a vine stalker
     8 | D:1      | Noticed an ogre
     8 | D:1      | Noticed an octopode
    10 | D:1      | Noticed a formicid
    10 | D:1      | Noticed a ghoul
    12 | D:1      | Noticed a troll
    14 | D:1      | Noticed a human
    14 | D:1      | Noticed an elf
    16 | D:1      | Noticed a meteoran
    16 | D:1      | Noticed a demonspawn
    18 | D:1      | Noticed a gargoyle
    20 | D:1      | Noticed a draconian
    20 | D:1      | Noticed a merfolk
    22 | D:1      | Noticed a felid
    22 | D:1      | Noticed a tengu
    24 | D:1      | Noticed a vampire
    24 | D:1      | Noticed a demigod
    26 | D:1      | Noticed a naga
    26 | D:1      | Noticed a formicid
   193 | D:1      | Reached XP level 2. HP: 16/16 MP: 0/9
  1080 | D:1      | Reached skill level 5 in Spellcasting
  1307 | D:2      | Reached XP level 3. HP: 20/20 MP: 3/11
  1311 | D:2      | Learned a level 3 spell: Mephitic Cloud
  1314 | D:2      | Learned a level 2 spell: Call Imp
  1317 | D:2      | Learned a level 2 spell: Blink
  1329 | D:2      | Found a faded altar of an unknown god.
  1458 | D:2      | Learned a level 3 spell: Stone Arrow
  1555 | D:2      | Reached skill level 1 in Armour
  1792 | D:2      | Slain by a worm

Illustrated notes

Levels and vault maps discovered:
D:1:      kb_arrival_jail, layout_loops_ring
D:2:      layout_basic, shapermc_ecumenical_altar_mp_ritualfount, uniq_terence

Skill      XL: |  1  2  3 |
---------------+----------+-----
Spellcasting   | 5 |  5.2
Armour         | 1 |  1.0
Conjurations   | 2 |  2.0
Fighting       | |  0.9
Dodging        | |  2.4
Stealth        | |  2.4
Summonings     | |  1.1
Translocations | |  1.1

Action                   || total
-------------------------++-------
Melee: Dagger            ||    17
       Whip              ||     9
 Cast: Magic Dart        ||    86
       Mephitic Cloud    ||     1
       Call Imp          ||     1
Armor: Leather armour    ||    16
Dodge: Dodged            ||    19

Table legend: (Time is in decaauts)
 A = Elapsed time spent in this place.
 B = Non-inter-level travel time spent in this place.
 C = Inter-level travel time spent in this place.
 D = Time resting spent in this place.
 E = Time spent auto-exploring this place.
 F = Levels seen in this place.
 G = Mean time per level.
                   A        B        C        D        E       F      G
               +--------+--------+--------+--------+--------+-----+--------+
         Total |   1792 |   1774 |     18 |     17 |   1519 |   2 |  896.0 |
       Dungeon |   1792 |   1774 |     18 |     17 |   1519 |   2 |  896.0 |
               +--------+--------+--------+--------+--------+-----+--------+

Top non-repeatable levels by time:
     D:1: 1296 daAuts
     D:2: 495 daAuts
